 Dungeon Crawl Stone Soup version 0.18-a0-1628-g61c6396 (webtiles) character file.

91 dohliylev the Sneak (level 4, -2/33 HPs)
             Began as a Vampire Assassin on Mar 25, 2016.
             Slain by a worker ant (4 damage)
             ... on level 3 of the Dungeon.
             The game lasted 00:06:54 (2063 turns).

dohliylev the Sneak (Vampire Assassin)              Turns: 2063, Time: 00:06:54

Health: -2/33      AC:  5    Str: 10    XL:     4   Next: 34%
Magic:  4/4        EV: 12    Int: 13    God:
Gold:   145        SH:  0    Dex: 16    Spells: 0 memorised, 3 levels left

rFire  . . .     SeeInvis +     a - +2 dagger
rCold  . . .     Gourm    .     j - +1 leather armour {MR+}
rNeg   + . .     Faith    .     (no shield)
rPois  .         Spirit   .     (no helmet)
rElec  .         Dismiss  .     d - +0 cloak
rCorr  .         Reflect  .     (no gloves)
SustAt .         Harm     .     (no boots)
MR     +....                    (no amulet)
Stlth  ++++......               (no ring)
                                (no ring)

@: lethally poisoned (-2 -> -14), somewhat resistant to hostile enchantments,
stealthy
A: fangs 3, see invisible, unbreathing
a: Bat Form


You were on level 3 of the Dungeon.
You were not thirsty.

You visited 1 branch of the dungeon, and saw 3 of its levels.

You collected 145 gold pieces.

Inventory:

Hand Weapons
 a - a +2 dagger (weapon)
 b - a +0 blowgun
Missiles
 e - 24 poisoned needles
 f - 2 curare-tipped needles
Armour
 d - a +0 cloak (worn)
 j - a +1 leather armour of magic resistance (worn)
Scrolls
 c - 4 scrolls of identify {unknown}
 g - a scroll of teleportation {unknown}
 i - 5 scrolls of enchant weapon {unknown}
 n - a scroll of magic mapping {unknown}
 o - 3 scrolls of recharging {unknown}
Potions
 h - 2 potions of haste {unknown}
 k - a potion of flight {unknown}
 l - 9 potions of blood
 m - a potion of mutation {unknown}
 p - a potion of curing {unknown}
 q - a potion of heal wounds {unknown}


   Skills:
 + Level 1.8 Fighting
 + Level 2.3 Short Blades
 + Level 1.7 Throwing
 + Level 1.0 Armour
 + Level 2.0 Dodging
 * Level 7.8 Stealth


You had 3 spell levels left.
You didn't know any spells.

Dungeon Overview and Level Annotations

Branches:
Dungeon (3/15)

Altars:
Trog
Xom


Innate Abilities, Weirdness & Mutations

You have razor-sharp teeth.
You have supernaturally acute eyesight.
You can survive without breathing.


Message History

The worker ant is lightly wounded.
The worker ant bites you.
* * * LOW HITPOINT WARNING * * *
You are more poisoned.
The worker ant poisons you!
You hit the worker ant but do no damage.
The worker ant is lightly wounded.
* * * LOW HITPOINT WARNING * * *
You feel sick.
The worker ant bites you but does no damage.
You hit the worker ant.
You bite the worker ant, but do no damage.
The worker ant is moderately wounded.
* * * LOW HITPOINT WARNING * * *
You feel sick. The worker ant barely misses you.
You hit the worker ant.
The worker ant is moderately wounded.
* * * LOW HITPOINT WARNING * * *
You feel sick. The worker ant bites you.
You die...

.#### ..?.. ...
.....###### #.#
#......##### #.#
######.....#######.#
#####..a@..##.#
######..#.#
##...######
##.......# #.#####.#
#.# #.# ..# #.# #
.### #.## .# ## #..#


You could see a worker ant.

Vanquished Creatures
  5 adders
  A worm (D:2)
  A giant gecko (D:2)
  8 bats
  2 giant cockroaches (D:2)
  3 goblins
  9 hobgoblins
  3 kobolds
  2 quokkas
  2 giant newts
  3 rats
  A bush (D:1)
  A plant (D:1)
41 creatures vanquished.

Notes
Turn   | Place    | Note
--------------------------------------------------------------
     0 | D:1      | dohliylev the Vampire Assassin began the quest for the Orb.
     0 | D:1      | Reached XP level 1. HP: 16/16 MP: 1/1
    24 | D:1      | Reached skill level 6 in Stealth
    81 | D:1      | Reached XP level 2. HP: 17/22 MP: 2/2
   235 | D:1      | Found a shimmering altar of Xom.
  1058 | D:2      | Reached skill level 7 in Stealth
  1058 | D:2      | Reached XP level 3. HP: 4/27 MP: 3/3
  1070 | D:2      | HP: 1/27 [poisoned by an adder]
  1916 | D:3      | Found a bloodstained altar of Trog.
  1936 | D:3      | Reached XP level 4. HP: 22/33 MP: 4/4
  2031 | D:3      | Reached skill level 1 in Armour
  2063 | D:3      | Slain by a worker ant

Vault maps used:
D:1:      scummos_arrival_forest, serial_forest, infiniplex_forest_lined_2,
          infiniplex_forest_clump_long, infiniplex_forest_clump_double,
          infiniplex_forest_clump_small, infiniplex_forest_lined_3,
          infiniplex_forest_diagonal, infiniplex_forest_clump_long,
          infiniplex_forest_fountain, xom_teletrap_fun
D:2:      grunt_ministairs_2
D:3:      bloody_trog, trog_butcher_becter, uniq_sigmund

Skill      XL: |  1  2  3  4 |
---------------+-------------+-----
Stealth        | 6 7 |  7.8
Armour         | 1 |  1.0
Dodging        | 2 |  2.0
Fighting       | |  1.8
Short Blades   | |  2.3
Throwing       | |  1.7

Action                   |  1- 3 |  4- 6 || total
-------------------------+-------+-------++-------
Melee: Dagger            |   446 |    31 ||   477
 Fire: Blowgun           |     5 |       ||     5
  Use: Potion            |     8 |       ||     8
 Stab: Sleeping          |    10 |     1 ||    11
